Map: [ESL] NeoHumanity

Players

ForJumY

  • Race: Protoss Protoss
  • Spawn Location: 11:00

Harstem - Winner!

  • Race: Protoss Protoss
  • League: Master
  • Spawn Location: 5:00

Event: HomeStory Cup XXIII

VOD

Have the link to the VOD?

Description

Time

  • Played on: June 30, 2023, 8:36 a.m.
  • Length: 8:25

All games in this series

Show
View Real Time Build Order
Export as new Build Order

ForJumY Protoss 

Build Orders: Mass Adepts 

Get SALT Encoding   

  12  0:00  Probe  
  13  0:12  Probe  
  14  0:16  Pylon  
  14  0:24  Probe  
  15  0:35  Gateway  
  15  0:38  Probe (Chrono Boost)  
  16  0:46  Probe (Chrono Boost)  
  16  0:47  Assimilator  
  17  0:52  Probe  
  17  0:55  Assimilator  
  18  1:04  Probe (Chrono Boost)  
  18  1:08  Gateway  
  19  1:13  Probe (Chrono Boost)  
  20  1:18  Probe (Chrono Boost)  
  20  1:24  Cybernetics Core  
  21  1:30  Probe  
  22  1:35  Pylon  
  22  1:42  Probe  
  23  1:58  Probe  
  24  2:01  Adept x2, Warp Gate  
  28  2:09  Twilight Council  
  28  2:17  Pylon  
  28  2:26  Pylon  
  28  2:36  Adept x2  
  31  2:45  Resonating Glaives (Chrono Boost)  
  31  2:47  Pylon  
  31  3:06  Adept x2, Gateway  
  33  3:26  Gateway  
  31  3:36  Pylon  
  31  3:50  Adept x2  
  31  3:55  Probe  
  36  4:02  Adept  
  38  4:10  Adept x2  
  42  4:21  Adept  
  44  4:26  Dark Shrine  
  44  4:27  Adept  
  44  4:30  Adept x2  
  46  4:46  Adept  
  46  4:49  Adept  
  46  4:51  Adept  
  50  4:57  Adept  
  50  4:59  Charge  
  50  5:05  Pylon  
  50  5:11  Adept  
  48  5:32  Zealot x4  
  52  6:00  Zealot x3  
  52  6:03  Pylon  
  54  6:04  Zealot  
  56  6:14  Pylon  
  56  6:26  Zealot x3  
  62  6:34  Sentry  
  64  6:47  Zealot x3  
  70  7:00  Zealot  
  70  7:09  Zealot x2, Sentry  
  66  7:31  Zealot x3  
  60  7:41  Zealot  
  30  7:52  Zealot  
Show
View Real Time Build Order
Export as new Build Order

Harstem Protoss - Winner!

Build Orders: Phoenix Opening 

Get SALT Encoding   

  12  0:00  Probe  
  13  0:12  Probe  
  14  0:17  Pylon  
  14  0:24  Probe (Chrono Boost)  
  15  0:36  Probe (Chrono Boost), Gateway  
  16  0:44  Probe (Chrono Boost)  
  16  0:46  Assimilator  
  17  0:50  Probe  
  17  0:55  Assimilator  
  18  1:03  Probe (Chrono Boost)  
  19  1:09  Gateway  
  20  1:12  Probe (Chrono Boost)  
  20  1:17  Probe (Chrono Boost)  
  20  1:24  Cybernetics Core  
  21  1:29  Probe  
  22  1:34  Pylon  
  22  1:41  Probe  
  23  1:53  Probe  
  24  2:00  Warp Gate, Stalker  
  26  2:05  Probe  
  26  2:06  Sentry  
  29  2:16  Pylon  
  31  2:34  Stalker  
  33  2:37  Phoenix  
  33  2:41  Nexus, Probe  
  32  2:44  Sentry  
  34  2:51  Shield Battery  
  35  3:00  Twilight Council  
  34  3:06  Probe (Chrono Boost)  
  35  3:16  Probe (Chrono Boost)  
  34  3:21  Probe (Chrono Boost)  
  33  3:31  Robotics Facility  
  33  3:33  Probe  
  34  3:37  Gateway  
  34  3:45  Probe  
  34  3:47  Shield Battery  
  35  3:48  Stalker  
  35  3:49  Sentry  
  35  3:53  Probe  
  40  3:59  Shield Battery  
  40  4:12  Stalker x2  
  40  4:14  Cybernetics Core  
  43  4:20  Immortal (Chrono Boost)  
  47  4:33  Stalker  
  49  4:40  Stalker  
  49  4:43  Probe  
  47  4:47  Sentry  
  48  4:55  Probe (Chrono Boost)  
  49  5:00  Stalker  
  49  5:05  Probe (Chrono Boost)  
  52  5:10  Probe x2 (Chrono Boost)  
  54  5:15  Pylon  
  54  5:29  Shield Battery  
  54  5:30  Pylon  
  54  5:33  Probe x2  
  54  5:34  Sentry  
  54  5:35  Stalker  
  60  5:38  Warp Prism (Chrono Boost)  
  62  5:48  Probe  
  62  5:49  Sentry  
  65  5:50  Probe  
  59  6:00  Phoenix, Probe  
  59  6:02  Probe  
  61  6:06  Observer (Chrono Boost)  
  61  6:08  Stalker x2  
  66  6:12  Probe  
  66  6:14  Probe  
  68  6:21  Stalker  
  68  6:25  Pylon  
  70  6:39  Twilight Council  
  70  6:40  Pylon  
  70  6:43  Probe x2  
  70  6:46  Assimilator  
  72  6:51  Pylon  
  72  6:55  Probe x2  
  72  6:59  Adept x2  
  78  7:05  Adept  
  78  7:07  Shield Battery  
  80  7:12  Immortal  
  84  7:16  Gateway  
  84  7:23  Adept x2  
  88  7:36  Pylon  
  80  7:46  Probe  
  66  7:53  Adept x3  
  66  7:55  Probe  
  71  8:02  Probe  
Tags
 
Add a new tag
Caveats
  • Supply blocks, unpowered buildings, or Contaminate may cause inaccurate times.
  • Supply counts are checked every 10 seconds.